 Dungeon Crawl Stone Soup version 0.20.1-1-g8b1a95d (webtiles) character file.

3796 OneorTwo the Archer (level 9, -2/79 HPs)
             Began as a Centaur Fighter on July 28, 2017.
             Was a High Priest of Okawaru.
             Slain by a killer bee (4 damage)
             ... on level 7 of the Dungeon.
             The game lasted 00:48:09 (9670 turns).

OneorTwo the Archer (Centaur Fighter)               Turns: 9670, Time: 00:48:09

Health: -2/79      AC: 14    Str: 22    XL:     9   Next: 96%
Magic:  7/9        EV:  5    Int:  7    God:    Okawaru [*****.]
Gold:   397        SH:  0    Dex:  9    Spells: 7/8 levels left

rFire    . . .     SeeInvis .   a - +1 flail
rCold    . . .     Gourm    .   (no shield)
rNeg     . . .     Faith    .   E - +1 plate armour
rPois    +         Spirit   .   (no helmet)
rElec    .         Reflect  .   p - +0 cloak
rCorr    .         Harm     +   s - +0 pair of gloves
MR       +....                  (no barding)
Stlth    ..........             r - amulet of harm
Regen    0.3/turn               x - ring of protection from magic
MPRegen  0.2/turn               k - ring of poison resistance

@: about to teleport, heroism, heavily drained, very quick
A: hooves 3, deformed body, speed 2, tough skin 3
a: Heroism, Finesse, Renounce Religion


You were on level 7 of the Dungeon.
You worshipped Okawaru.
Okawaru was extremely pleased with you.
You were not hungry.

You visited 2 branches of the dungeon, and saw 8 of its levels.

You collected 397 gold pieces.

Inventory:

Hand Weapons
 a - a +1 flail (weapon)
 g - the +8 hand crossbow of the Ring {elec, MR+ Str-3 Int+4, unknown}
   (You found it on level 7 of the Dungeon)

   It charges the ammunition it shoots with electricity; occasionally upon a
   hit, such missiles may discharge and cause terrible harm.
   It affects your strength (-3).
   It affects your intelligence (+4).
   It affects your resistance to hostile enchantments.
 B - a +0 shortbow
Missiles
 j - 4 javelins (quivered)
 C - 94 arrows
Armour
 c - a +0 shield
 p - a +0 cloak (worn)
 s - a +0 pair of gloves (worn)
 E - a +1 plate armour (worn)
Jewellery
 e - an uncursed ring of wizardry
 k - a ring of poison resistance (right hand)
 r - an amulet of harm (around neck)
 x - a ring of protection from magic (left hand)
 z - an uncursed amulet of magic regeneration
Wands
 v - a wand of lightning (3/15)
 y - a wand of flame (22/48)
 D - a wand of confusion (25/48)
Scrolls
 i - 5 scrolls of identify
 o - 8 scrolls of remove curse
 t - 3 scrolls of teleportation
 w - a scroll of amnesia
Potions
 d - a potion of might
 q - 2 potions of brilliance
 u - a potion of curing
Books
 b - a book of Changes

   Spells                             Type                      Level
   a - Beastly Appendage              Transmutation                1
   b - Sticks to Snakes               Transmutation                2
   c - Spider Form                    Transmutation/Poison         3
   d - Ice Form                       Ice/Transmutation            4
   e - Blade Hands                    Transmutation                5
 h - a book of Geomancy

   Spells                             Type                      Level
   a - Sandblast                      Earth                        1
   b - Passwall                       Transmutation/Earth          2
   c - Stone Arrow                    Conjuration/Earth            3
   d - Petrify                        Transmutation/Earth          4
   e - Lee's Rapid Deconstruction     Earth                        5
 F - a book of Misfortune

   Spells                             Type                      Level
   a - Confusing Touch                Hexes                        1
   b - Confuse                        Hexes                        3
   c - Gell's Gravitas                Translocation                3
   d - Petrify                        Transmutation/Earth          4
   e - Metabolic Englaciation         Hexes/Ice                    5
   f - Yara's Violent Unravelling     Hexes/Transmutation          5
Miscellaneous
 A - a fan of gales
Comestibles
 f - 3 bread rations
 l - a royal jelly
 m - 12 fruits
 n - 3 meat rations
 G - 2 chunks of flesh


   Skills:
 - Level 7.1(10.2) Fighting
 + Level 8.6(11.6) Maces & Flails
 + Level 10.6(13.4) Bows
 + Level 3.2(6.4) Armour
 - Level 2.1(5.4) Shields
 + Level 0.3(0.0) Transmutations
 + Level 0.7(0.0) Invocations


You had 7 spell levels left.
You knew the following spells:

 Your Spells              Type           Power        Failure   Level  Hunger
a - Beastly Appendage     Tmut           #.....       100%        1    ##.....


Dungeon Overview and Level Annotations

Branches:
Dungeon (7/15)             Temple (1/1) D:4

Altars:
Ashenzari
Cheibriados
Dithmenos
Elyvilon
Fedhas
Gozag
Hepliaklqana
Kikubaaqudgha
Makhleb
Nemelex Xobeh
Okawaru
Qazlal
Ru
Sif Muna
Trog
Uskayaw
Vehumet
Xom
Yredelemnul
Zin
The Shining One

Shops:
D:4 :

Annotations:
D:3 OneorTwo's ghost, amateur DrAE


Innate Abilities, Weirdness & Mutations

You have hooves in place of feet.
Armour fits poorly on your strangely shaped body.
You cover ground very quickly.
You have extremely tough skin. (AC +3)


Message History

* * * LOW HITPOINT WARNING * * *
The killer bee stings you but does no damage. x3
The killer bee barely misses you.
You miss the killer bee. Your kick misses the killer bee.
Your punch misses the killer bee. The killer bee stings you.
* * * LOW HITPOINT WARNING * * *
The killer bee stings you but does no damage. x2
The killer bee stings you.
* * * LOW HITPOINT WARNING * * *
You feel better.
The killer bee stings you but does no damage. x2
The killer bee stings you.
* * * LOW HITPOINT WARNING * * *
The killer bee barely misses you. x2
The killer bee stings you but does no damage.
As you read the scroll of teleportation, it crumbles to dust.
You feel strangely unstable.
The killer bee stings you but does no damage. x2
The killer bee barely misses you. The killer bee stings you.
You die...

...## #.......##
....####...#### .#
##..##.....## .##
).#)#...##..## ..#
#.#....####..##
yy## ###..###
##..## ...# .##..#
##..## .y.## ..#..#
##..## #######....#
#.#.##
##y@###......#...##
###.#
##yy...............
.##.##
##y......y...#####
..#..##
#...........#
##....######
#...........#
###........#
#..........##
..........##
#.<........#
###......##
##.##########
#.........## #..#


You could see 4 killer bees.

Vanquished Creatures
  A two-headed ogre (D:7)
  An unseen horror (D:7)
  Sigmund (D:5)
  A water moccasin (D:6)
  Duvessa (D:4)
  An orc warrior (D:5)
  A phantom (D:7)
  A necrophage (D:7)
  2 ogres (D:6)
  4 centaurs
  3 bullfrogs (D:7)
  Dowan (D:4)
  2 scorpions
  2 jellies (D:6)
  A howler monkey (D:7)
  5 crimson imps
  3 orc priests
  A bullfrog skeleton (D:7)
  4 hounds
  2 centaur skeletons
  Jessica (D:2)
  Terence (D:2)
  An iguana (D:6)
  An orc wizard (D:4)
  9 worker ants
  2 hound skeletons
  A howler monkey zombie (D:6)
  A worker ant zombie (D:7)
  A howler monkey skeleton (D:4)
  5 adders
  11 gnolls
  4 shadow imps
  3 oozes
  2 adder skeletons
  2 worms
  4 dart slugs
  4 leopard geckos
  23 orcs
  8 bats
  3 giant cockroaches
  8 goblins
  10 hobgoblins
  9 jackals
  2 quokkas (D:4)
  A ball python (D:3)
  6 frilled lizards
  A jackal skeleton (D:4)
  2 kobolds
  A leopard gecko skeleton (D:4)
  A leopard gecko zombie (D:7)
  A quokka skeleton (D:4)
  10 rats
177 creatures vanquished.

Notes
Turn   | Place    | Note
-------+----------+-------------------------------------------
     0 | D:1      | OneorTwo the Centaur Fighter began the quest for the Orb.
     0 | D:1      | Reached XP level 1. HP: 19/19 MP: 1/1
    75 | D:1      | Reached XP level 2. HP: 22/26 MP: 2/2
   502 | D:1      | Reached XP level 3. HP: 30/33 MP: 3/3
  1075 | D:2      | Noticed Jessica
  1086 | D:2      | Killed Jessica
  1086 | D:2      | Reached XP level 4. HP: 33/41 MP: 4/4
  1130 | D:2      | Noticed Terence
  1136 | D:2      | Killed Terence
  1831 | D:3      | Noticed OneorTwo's ghost (amateur DrAE)
  2306 | D:3      | Reached XP level 5. HP: 47/47 MP: 5/5
  2912 | D:3      | Reached skill level 5 in Fighting
  3503 | D:4      | Found a staircase to the Ecumenical Temple.
  3513 | Temple   | Entered the Ecumenical Temple
  3577 | Temple   | Became a worshipper of Warmaster Okawaru
  3718 | D:4      | Noticed Dowan
  3736 | D:4      | Noticed Duvessa
  3751 | D:4      | Killed Duvessa
  3759 | D:4      | Killed Dowan
  3759 | D:4      | Reached XP level 6. HP: 17/56 MP: 6/6
  4644 | D:4      | Reached * piety under Okawaru
  4644 | D:4      | Reached skill level 5 in Maces & Flails
  4945 | D:4      | Reached XP level 7. HP: 61/62 MP: 7/7
  5333 | D:4      | Found Launky's Book Boutique.
  5385 | D:5      | Entered Level 5 of the Dungeon
  5934 | D:5      | Noticed Sigmund
  5948 | D:5      | Killed Sigmund
  5948 | D:5      | Reached ** piety under Okawaru
  6540 | D:5      | Reached XP level 8. HP: 30/71 MP: 8/8
  7105 | D:6      | Learned a level 1 spell: Beastly Appendage
  7260 | D:6      | Reached skill level 1 in Bows
  7312 | D:6      | Reached skill level 2 in Bows
  7469 | D:6      | Reached skill level 3 in Bows
  7651 | D:6      | Reached skill level 4 in Bows
  7994 | D:6      | Reached *** piety under Okawaru
  8064 | D:6      | Reached skill level 5 in Bows
  8300 | D:7      | Received a gift from Okawaru
  8374 | D:7      | Reached XP level 9. HP: 71/79 MP: 9/9
  8405 | D:7      | Reached skill level 6 in Bows
  8675 | D:7      | Reached skill level 7 in Bows
  8678 | D:7      | Found a hazy altar of Hepliaklqana.
  8819 | D:7      | Reached skill level 8 in Bows
  8949 | D:7      | Noticed a two-headed ogre
  8966 | D:7      | Killed a two-headed ogre
  8966 | D:7      | Reached **** piety under Okawaru
  8966 | D:7      | Reached skill level 9 in Bows
  8973 | D:7      | Killed an unseen horror
  8973 | D:7      | Reached ***** piety under Okawaru
  8973 | D:7      | Received a gift from Okawaru
  8973 | D:7      | Reached skill level 10 in Bows
  9213 | D:7      | Got an ichor-stained hand crossbow
  9668 | D:7      | HP: 1/79 [killer bee (4)]
  9670 | D:7      | Slain by a killer bee

Skill      XL: |  1  2  3  4  5  6  7  8  9 |
---------------+----------------------------+-----
Maces & Flails | 2 3 4 5 6 7 8 |  8.6
Fighting       | 4 5 6 7 |  7.1
Bows           | 5 10 | 10.6
Armour         | 3 |  3.2
Shields        | |  2.1
Transmutations | |  0.3
Invocations    | |  0.7

Action                   |  1- 3 |  4- 6 |  7- 9 || total
-------------------------+-------+-------+-------++-------
Melee: Dagger            |    85 |       |       ||    85
       Kick              |    26 |    30 |    39 ||    95
       Flail             |    39 |   184 |   173 ||   396
 Fire: Shortbow          |       |       |   175 ||   175
Throw: Javelin           |       |    37 |    12 ||    49
Invok: Heroism           |       |       |     5 ||     5
Evoke: Wand              |       |       |    13 ||    13
  Use: Scroll            |     3 |     5 |     7 ||    15
       Potion            |     2 |     1 |     4 ||     7
  Eat: Chunk             |       |     6 |     8 ||    14
       Bread ration      |       |     1 |     1 ||     2
Armor: Scale mail        |    45 |       |       ||    45
       Chain mail        |     9 |    97 |    38 ||   144
       Plate armour      |       |       |   121 ||   121
Dodge: Dodged            |    22 |    28 |    62 ||   112
Block: Shield            |    56 |    60 |    22 ||   138
